 Dungeon Crawl Stone Soup version 0.22-a0-247-gbddf880 (webtiles) character file.

66938 MatthieuS the Summoner (level 15, -34/95 HPs)
             Began as a Tengu Summoner on Feb 26, 2018.
             Was a High Priest of Ashenzari.
             Killed by Shatter
             ... invoked by Jorgrun
              (38 damage)
             ... on level 3 of the Spider Nest on Feb 27, 2018.
             The game lasted 02:52:16 (34025 turns).

MatthieuS the Summoner (Tengu Summoner)            Turns: 34025, Time: 02:52:19

Health: -34/95     AC: 17    Str:  9    XL:     15   Next: 21%
Magic:  11/41      EV: 20    Int: 25    God:    Ashenzari [*****.]
Gold:   929        SH:  9    Dex: 18    Spells: 12/38 levels left

rFire    . . .     SeeInvis +   e - staff of summoning
rCold    + + .     Gourm    .   g - +3 buckler {rPois} (curse)
rNeg     . . .     Faith    .   P - +2 leather armour "Kipraad" {rPois rC++ Dex+4}
rPois    +         Spirit   .   K - +2 hat
rElec    .         Reflect  .   z - +2 cloak
rCorr    +         Harm     .   W - +2 pair of gloves "Tiotof" {Int+3} (curse)
MR       +....     Clarity  +   (boots unavailable)
Stlth    ++........             G - amulet of regeneration (curse)
HPRegen  0.65/turn              t - ring of magical power (curse)
MPRegen  0.27/turn              v - ring of resist corrosion

@: very slightly contaminated
A: beak, talons 3, molten scales 1, wild magic 1, able to fly 2
a: Fly, Curse Item, Scrying, Transfer Knowledge, Renounce Religion


You were on level 3 of the Spider Nest.
You worshipped Ashenzari.
Ashenzari was extremely pleased with you.
You were full.

You visited 5 branches of the dungeon, and saw 27 of its levels.
You also visited: Labyrinth.

You collected 2507 gold pieces.
You spent 1578 gold pieces at shops.

Inventory:

Hand Weapons
 a - the +2 whip of Onwalie {slash, +Inv rElec rN+ Stlth-}
   (You bought it in a shop on level 5 of the Dungeon)

   It inflicts extra damage upon your enemies.
   It insulates you from electricity.
   It protects you from negative energy.
   It lets you turn invisible.
   It makes you less stealthy.
 q - the +8 whip "Snakebite" {curare, rPois}
   (You found it on level 1 of the Lair of Beasts)

   It poisons the flesh of those it strikes.
   It protects you from poison.
Missiles
 d - 3 throwing nets (quivered)
Armour
 g - a cursed +3 buckler of poison resistance (worn)
 z - a +2 cloak (worn)
 K - a +2 hat (worn)
 P - the +2 leather armour "Kipraad" (worn) {rPois rC++ Dex+4}
   (You found it on level 6 of the Lair of Beasts)

   It affects your dexterity (+4).
   It greatly protects you from cold.
   It protects you from poison.
 W - the cursed +2 pair of gloves "Tiotof" (worn) {Int+3}
   (You bought it in a shop on level 15 of the Dungeon)

   It affects your intelligence (+3).
   It has a curse placed upon it.
Magical Staves
 e - an uncursed staff of summoning (weapon)
Jewellery
 k - an uncursed ring of positive energy
 s - an uncursed ring of protection from cold
 t - a cursed ring of magical power (left hand)
 v - a ring of resist corrosion (right hand)
 A - an uncursed ring of wizardry
 G - a cursed amulet of regeneration (around neck)
 I - an uncursed ring of positive energy
Wands
 p - a wand of digging (11)
 y - a wand of enslavement (39)
 C - a wand of acid (21)
 M - a wand of flame (22)
 N - a wand of clouds (4)
 S - a wand of polymorph (11)
 T - a wand of disintegration (11)
 U - a wand of paralysis (10)
 V - a wand of scattershot (8)
Scrolls
 c - a scroll of brand weapon
 h - 13 scrolls of teleportation
 r - 3 scrolls of enchant weapon
 u - 5 scrolls of remove curse
 w - 3 scrolls of silence
 x - 4 scrolls of amnesia
 B - 3 scrolls of fear
 D - 4 scrolls of magic mapping
 E - 2 scrolls of identify
 J - 4 scrolls of enchant armour
 L - 2 scrolls of fog
 X - a scroll of holy word
Potions
 f - 7 potions of curing
 i - a potion of magic
 j - a potion of agility
 l - 5 potions of flight
 o - 4 potions of brilliance
 F - 3 potions of haste
 H - 3 potions of lignification
 O - a potion of cancellation
 Q - a potion of heal wounds
 R - 3 potions of might
Miscellaneous
 m - a fan of gales
Comestibles
 b - 24 rations


   Skills:
 * Level 11.6 Fighting
 + Level 10.2 Armour
 + Level 11.2 Dodging
 - Level 2.3 Stealth
 - Level 3.7(6.1) Shields
 + Level 12.4 Spellcasting
 - Level 2.6(4.8) Hexes
 + Level 13.2(15.5) Summonings
 - Level 0.3(1.2) Translocations
 - Level 10.3(12.7) Air Magic
 - Level 1.3(3.0) Evocations


You had 12 spell levels left.
You knew the following spells:

 Your Spells              Type           Power        Failure   Level  Hunger
a - Call Canine Familiar  Summ           ########     1%          3    None
b - Call Imp              Summ           ########     1%          2    None
c - Summon Ice Beast      Ice/Summ       #######.     3%          4    None
d - Summon Lightning Spi  Summ/Air       ########     1%          4    None
e - Blink                 Tloc           N/A          8%          2    None
f - Confuse               Hex            ######..     3%          3    None
g - Summon Guardian Gole  Hex/Summ       #######.     1%          3    None
h - Silence               Hex/Air        ######....   6%          5    ###....


Dungeon Overview and Level Annotations

Branches:
Dungeon (15/15)            Temple (1/1) D:4            Lair (6/6) D:11
 Shoals (0/4) Lair:3       Spider (3/4) Lair:3        Slime (0/5) Lair:5
    Orc (2/2) D:10            Elf (0/3) Orc:2        Vaults (0/5) D:14
 Depths (0/5) D:15

Altars:
Ashenzari
Cheibriados
Dithmenos
Elyvilon
Fedhas
Gozag
Hepliaklqana
Kikubaaqudgha
Makhleb
Nemelex Xobeh
Okawaru
Qazlal
Ru
Sif Muna
Trog
Uskayaw
Vehumet
Wu Jian
Xom
Yredelemnul
Zin
The Shining One
Jiyva

Shops:
D:5 (   D:7 [   D:14 *   D:15 [   Orc:1 *=?((   Orc:2 ![=(

Annotations:
D:3 2 transporters
Spider:3 Jorgrun


Innate Abilities, Weirdness & Mutations

You have a beak for a mouth.
You have claws for feet.
You can fly continuously.
You are partially covered in molten scales. (AC +2)
Your spells are a little harder to cast, but a little more powerful.


Message History

The spark wasp stings you! The spark wasp shocks you!
* * * LOW HITPOINT WARNING * * *
Found an uncursed great sword.
You feel much better. The spark wasp completely misses you.
Jorgrun casts a spell.
The dungeon rumbles around Jorgrun!
Your ice beast dies! x2
You shudder from the earth-shattering force.
* * * LOW HITPOINT WARNING * * *
Your iron imp dies!
Ka-crash!
Blink to where?
Press: ? - help, Dir - move target cursor You are very lightly contaminated with residual magic.
As you read the scroll of blinking, it crumbles to dust.
Jorgrun mumbles some strange words.
The dungeon rumbles around Jorgrun!
Your lightning spire is destroyed!
You shudder from the earth-shattering force.
You die...

* , * * * #.#........... *
.. ## #.#........... ...
###.## #.#).†........ ,..##.
#^### #....^......## *
#.>.##...#####.†.#.......#
*##[..#.......†...##.....##
*.#^.............†.#.....#.#
***
#..............###.######.##
* #.....^....@.### ##.# ##.#
, #.............#* .# #..
###..............# ##* * ##.
** ,................# * *##
, ##.......#....###*** ,
**,, ** #.....g......#. *, *
* ,,, ##....y#.....#.,,,,*
*,**,, #.#§..##......, ,,, ,
* ,, #.#.#).#, ..., , , ,,


You could see Jorgrun and a spark wasp.

Vanquished Creatures
  A minotaur (Lab)
  A vault guard (D:14)
  An unseen horror (D:9)
  3 elephants (Lair:4)
  A gargoyle (D:11)
  A meliai (Lair:4)
  A blink frog (Lair:4)
  A hippogriff (Lair:3)
  A hog (D:9)
  A yak (Lair:5)
  A water moccasin (Lair:3)
  3 porcupines (Lair:3)
  An eye of draining (D:14)
  A sky beast (D:14)
  3 wolves
  A crocodile (Lair:3)
  A bullfrog (Lair:3)
  2 killer bees (Lair:4)
  A howler monkey (D:14)
  A jelly (D:7)
  A hound (D:9)
  An orc wizard (D:15)
  A howler monkey skeleton (D:9)
  A bat (D:1)
  3 giant cockroaches
  A quokka (D:9)
  A frilled lizard (D:1)
  A rat (D:1)
  A plant (D:11)
38 creatures vanquished.

Vanquished Creatures (collateral kills)
  An emperor scorpion (Spider:2)
  The ghost of lepoulpe303 the Blocker, a journeyman GrFi of Okawaru (D:12)
  2 entropy weavers
  Nessos (Lair:6)
  A dire elephant (D:15)
  Snorg (Lair:6)
  A fire dragon (Lair:6)
  Harold (Orc:1)
  3 vault guards (D:14)
  Josephine (Lair:6)
  7 hydras
  2 centaur warriors (D:9)
  13 two-headed ogres
  2 tengu warriors
  2 ogre magi (Orc:2)
  Sonja (Orc:2)
  The ghost of b5mith the Fighter, a novice MiBe of Trog (D:8)
  An iron troll (Orc:2)
  A deep troll (Orc:2)
  An unseen horror (D:12)
  A lindwurm (Lair:6)
  A wizard (D:15)
  2 deep elf magi
  3 orc knights
  2 orc sorcerers (Orc:2)
  A wolf spider zombie (D:15)
  12 orb spiders
  3 oklob plants
  2 slime creatures (D:14)
  A manticore (D:14)
  4 cyclopes
  21 wolf spiders
  12 ugly things
  A salamander (D:15)
  A merfolk siren (Lair:3)
  An elephant (Lair:4)
  The ghost of MatthieuS the Gusty, a novice TeAE (D:6)
  Maurice (Orc:2)
  13 black mambas
  2 molten gargoyles (Lair:6)
  2 gargoyles
  3 rime drakes
  2 torpor snails
  7 spiny frogs
  A kobold demonologist (D:13)
  5 komodo dragons
  9 demonic crawlers
  A minotaur skeleton (Lab)
  13 trolls
  3 polar bears
  A queen bee (Lair:4)
  30 jumping spiders
  A merfolk (Lair:3)
  A wolf spider simulacrum (D:15)
  13 blink frogs
  2 meliai (Lair:4)
  7 hippogriffs
  4 dream sheep (Lair:4)
  A spriggan (Lair:5)
  A shadow (D:15)
  Sigmund (D:6)
  16 tarantellas
  19 yaks
  6 wraiths
  A vampire (D:12)
  A human (D:9)
  50 redbacks
  4 basilisks (Lair:6)
  Eustachio (D:4)
  8 wyverns
  2 hogs (D:9)
  4 hungry ghosts
  13 vampire mosquitoes
  A steam dragon (D:11)
  Menkaure (D:6)
  10 water moccasins
  An acid dragon (D:14)
  A soldier ant (D:10)
  5 porcupines
  5 hell hounds (Lair:6)
  14 orc warriors
  9 ice beasts
  Duvessa (D:7)
  5 sky beasts
  3 black bears
  5 phantoms
  19 wolves
  2 eyes of draining (D:13)
  24 ogres
  4 centaurs
  A big kobold (D:10)
  12 crocodiles
  14 bullfrogs
  Dowan (D:7)
  7 scorpions
  15 wights
  26 killer bees
  2 howler monkeys
  6 crimson imps
  2 bullfrog zombies (D:12)
  4 lava snakes (Lair:6)
  6 centaur zombies
  4 jellies
  12 orc priests
  6 hounds
  3 bullfrog skeletons
  6 centaur skeletons
  16 orc wizards
  6 iguanas
  Natasha (thrice) (D:3)
  10 worker ants
  A hound zombie (D:6)
  A hound skeleton (D:4)
  A worker ant zombie (D:5)
  7 adders
  6 shadow imps
  An ooze (D:2)
  2 adder skeletons
  2 adder zombies
  6 worms
  3 dart slugs
  3 leopard geckos
  79 orcs
  7 bats
  5 giant cockroaches
  6 goblins
  7 hobgoblins
  8 jackals (D:3)
  2 quokkas
  3 ball pythons
  9 frilled lizards
  12 kobolds
  2 quokka zombies
  9 rats
  6 fungi
  2 plants
824 creatures vanquished.

Vanquished Creatures (others)
  A wolf spider (Spider:2)
  A demonic crawler (Spider:2)
  A jumping spider (Spider:2)
  6 fungi
  2 plants (Lair:6)
11 creatures vanquished.

Grand Total: 873 creatures vanquished

Notes
Turn   | Place    | Note
-------+----------+-------------------------------------------
     0 | D:1      | MatthieuS the Tengu Summoner began the quest for the Orb.
     0 | D:1      | Reached XP level 1. HP: 10/10 MP: 4/4
    90 | D:1      | Reached XP level 2. HP: 7/16 MP: 1/6
   126 | D:1      | Learned a level 2 spell: Call Imp
   320 | D:1      | Reached skill level 5 in Summonings
   785 | D:2      | Reached XP level 3. HP: 20/20 MP: 2/7
   816 | D:2      | Reached skill level 1 in Fighting
  1672 | D:3      | Noticed Natasha
  1685 | D:3      | Killed Natasha
  1685 | D:3      | Reached XP level 4. HP: 13/25 MP: 0/9
  2036 | D:3      | Noticed Natasha
  2041 | D:3      | Killed Natasha
  2251 | D:3      | Noticed Natasha
  2261 | D:3      | Killed Natasha
  2358 | D:3      | Learned a level 4 spell: Summon Lightning Spire
  2361 | D:3      | Learned a level 2 spell: Blink
  2521 | D:3      | Found a transporter.
  2536 | D:3      | Found a transporter.
  2661 | D:4      | Noticed an ogre
  2753 | D:4      | Killed an ogre
  2753 | D:4      | Gained mutation: You can fly. [Tengu growth]
  2753 | D:4      | Reached XP level 5. HP: 30/30 MP: 0/11
  2872 | D:4      | Noticed Eustachio
  2929 | D:4      | Killed Eustachio
  2929 | D:4      | Reached skill level 1 in Air Magic
  3014 | D:4      | Found a staircase to the Ecumenical Temple.
  3022 | Temple   | Entered the Ecumenical Temple
  3361 | Temple   | Became a worshipper of Ashenzari the Shackled
  3387 | D:4      | Reached XP level 6. HP: 16/36 MP: 5/12
  3565 | D:4      | Noticed a phantom
  3591 | D:4      | Killed a phantom
  3610 | D:4      | Noticed a two-headed ogre
  3623 | D:4      | Killed a two-headed ogre
  3623 | D:4      | Reached skill level 6 in Summonings
  3623 | D:4      | Reached XP level 7. HP: 14/41 MP: 3/15
  4158 | D:5      | Entered Level 5 of the Dungeon
  4258 | D:5      | Learned a level 3 spell: Call Canine Familiar
  4392 | D:5      | Reached skill level 5 in Spellcasting
  4609 | D:5      | Reached * piety under Ashenzari
  4779 | D:5      | Reached XP level 8. HP: 46/46 MP: 10/16
  5245 | D:5      | Found Jeyxul's Antique Weapon Boutique.
  5253 | D:5      | Bought a dazzling whip for 210 gold pieces
  5253 | D:5      | Identified the +2 whip of Onwalie {slash, +Inv rElec rN+ Stlth-} (You bought it in a shop on level 5 of the Dungeon)
  5321 | D:6      | Noticed MatthieuS's ghost (novice TeAE)
  5329 | D:6      | Killed MatthieuS's ghost
  5482 | D:6      | Found a bloodstained altar of Trog.
  5482 | D:6      | Found a deep blue altar of Sif Muna.
  5483 | D:6      | Found a blossoming altar of Fedhas.
  5692 | D:6      | Noticed Menkaure
  5696 | D:6      | Killed Menkaure
  5696 | D:6      | Reached skill level 7 in Summonings
  5725 | D:6      | Noticed Sigmund
  5731 | D:6      | Killed Sigmund
  6208 | D:6      | Reached skill level 1 in Maces & Flails
  6645 | D:6      | Reached skill level 1 in Armour
  6645 | D:6      | Reached skill level 5 in Dodging
  6875 | D:7      | Found Zoiza's Armour Shoppe.
  6951 | D:7      | Reached skill level 5 in Air Magic
  6952 | D:7      | Reached XP level 9. HP: 47/52 MP: 13/19
  7080 | D:7      | Noticed Dowan
  7082 | D:7      | Noticed Duvessa
  7090 | D:7      | Killed Dowan
  7095 | D:7      | Killed Duvessa
  7129 | D:7      | Found a white marble altar of Elyvilon.
  7136 | D:7      | Reached ** piety under Ashenzari
  7635 | D:8      | Noticed b5mith's ghost (novice MiBe)
  7648 | D:8      | Killed b5mith's ghost
  8096 | D:8      | Reached skill level 5 in Fighting
  8285 | D:8      | Reached skill level 8 in Summonings
  8645 | D:9      | Learned a level 4 spell: Summon Ice Beast
  8860 | D:9      | Noticed a red ugly thing
  8881 | D:9      | Killed a red ugly thing
  8886 | D:9      | Learned a level 3 spell: Confuse
  8966 | D:9      | Reached XP level 10. HP: 59/59 MP: 8/22
  9391 | D:9      | Reached *** piety under Ashenzari
  9551 | D:9      | Noticed a centaur warrior
  9574 | D:9      | Killed a centaur warrior
  9574 | D:9      | Reached skill level 1 in Hexes
  9854 | D:9      | Noticed a two-headed ogre
  9862 | D:9      | Killed a two-headed ogre
  9923 | D:9      | Noticed an unseen horror
 10076 | D:9      | Killed an unseen horror
 10168 | D:9      | Noticed a centaur warrior
 10181 | D:9      | Killed a centaur warrior
 10381 | D:10     | Entered Level 10 of the Dungeon
 10880 | D:10     | Found a staircase to the Orcish Mines.
 11128 | D:10     | Noticed a deep elf mage
 11137 | D:10     | Killed a deep elf mage
 11137 | D:10     | Reached skill level 9 in Summonings
 11315 | D:11     | Noticed an oklob plant
 11487 | D:11     | Killed an oklob plant
 11491 | D:11     | Noticed an oklob plant
 11611 | D:11     | Found a staircase to the Lair.
 11664 | D:11     | Killed an oklob plant
 11664 | D:11     | Reached XP level 11. HP: 59/64 MP: 3/24
 12125 | D:11     | Noticed a two-headed ogre
 12140 | D:11     | Killed a two-headed ogre
 12140 | D:11     | Reached skill level 5 in Armour
 12724 | Lair:1   | Entered Level 1 of the Lair of Beasts
 13465 | Lair:1   | Found the +8 whip "Snakebite" {curare, rPois}
 13594 | Lair:1   | Reached **** piety under Ashenzari
 13744 | Lair:2   | Noticed a four-headed hydra
 13770 | Lair:2   | Killed a four-headed hydra
 15337 | Lair:3   | Found a hole to the Spider Nest.
 16314 | Lair:3   | Found a staircase to the Shoals.
 16628 | Lair:4   | Found a labyrinth entrance.
 16643 | Lab      | Entered a labyrinth
 17064 | Lab      | Noticed a minotaur
 17106 | Lab      | Killed a minotaur
 17106 | Lab      | Identified the amulet of Activism {Spirit Fragile rF+ Str+3 Dex+3} (You took it off a minotaur in a labyrinth)
 17361 | Lair:4   | Reached XP level 12. HP: 68/72 MP: 12/26
 17505 | Lair:4   | Reached skill level 10 in Summonings
 17587 | Lair:4   | Reached skill level 1 in Shields
 18183 | Lair:4   | Reached skill level 10 in Spellcasting
 19056 | Lair:5   | Noticed a six-headed hydra
 19063 | Lair:5   | Killed a six-headed hydra
 19583 | Lair:5   | Reached ***** piety under Ashenzari
 19658 | Lair:5   | Identified the +1 leather armour of Tempters {rC- Dex+4}
 19729 | Lair:5   | Found a staircase to the Slime Pits.
 19729 | Lair:5   | Found a viscous altar of Jiyva.
 19969 | Lair:6   | Entered Level 6 of the Lair of Beasts
 19969 | Lair:6   | Noticed a six-headed hydra
 20251 | Lair:6   | Noticed a four-headed hydra
 20259 | Lair:6   | Killed a four-headed hydra
 20307 | Lair:6   | Noticed a five-headed hydra
 20313 | Lair:6   | Killed a five-headed hydra
 20412 | Lair:6   | Noticed Snorg
 20432 | Lair:6   | Killed Snorg
 20678 | Lair:6   | Noticed Josephine
 20695 | Lair:6   | Killed Josephine
 20740 | Lair:6   | Killed a six-headed hydra
 20773 | Lair:6   | Reached skill level 10 in Air Magic
 20911 | Lair:6   | Reached XP level 13. HP: 34/78 MP: 7/28
 20918 | Lair:6   | Gained mutation: You are partially covered in molten scales. (AC +2) [potion of mutation]
 20918 | Lair:6   | Gained mutation: Your spells are a little harder to cast, but a little more powerful. [potion of mutation]
 21851 | Orc:1    | Entered Level 1 of the Orcish Mines
 21968 | D:10     | Learned a level 3 spell: Summon Guardian Golem
 22055 | Orc:1    | Noticed Harold
 22063 | Orc:1    | Killed Harold
 22075 | Orc:1    | Found Yqokas's Magic Scroll Shoppe.
 22256 | Orc:1    | Found Ymafeuh's Weapon Boutique.
 22467 | Orc:1    | Found Elaragg's Weapon Shop.
 22608 | Orc:1    | Found Juseix's Assorted Antiques.
 22615 | Orc:1    | Found Ajoengus's Jewellery Shop.
 22623 | Orc:1    | Bought a scroll labeled WYCYOWN AKHLYJA for 29 gold pieces
 22623 | Orc:1    | Bought a potion of curing for 87 gold pieces
 22623 | Orc:1    | Bought a potion of curing for 87 gold pieces
 22623 | Orc:1    | Bought a scroll of teleportation for 87 gold pieces
 22631 | Orc:1    | Bought an uncursed amulet of regeneration for 390 gold pieces
 22759 | Orc:2    | Entered Level 2 of the Orcish Mines
 22773 | Orc:2    | Reached skill level 11 in Summonings
 23382 | Orc:2    | Found Yxuerir's Antique Weapon Boutique.
 23396 | Orc:2    | Found Eson's Jewellery Emporium.
 23397 | Orc:2    | Found Adghol's Antique Armour Emporium.
 23582 | Orc:2    | Found Wyczowao's Distillery.
 23602 | Orc:2    | Bought a runed hat for 182 gold pieces
 23633 | Orc:2    | Found a staircase to the Elven Halls.
 23754 | Orc:2    | Reduced skill Maces & Flails to level 1
 23776 | Orc:2    | Noticed Maurice
 23787 | Orc:2    | Killed Maurice
 23791 | Orc:2    | Noticed Sonja
 23793 | Orc:2    | Killed Sonja
 24409 | Lair:6   | Noticed Nessos
 24427 | Lair:6   | Killed Nessos
 25159 | Lair:6   | Found a large runed door.
 25160 | Lair:6   | Found a large runed door.
 25179 | Lair:6   | Noticed a fire dragon
 25195 | Lair:6   | Killed a fire dragon
 25204 | Lair:6   | Got the uncursed leather armour "Kipraad" {rPois rC++ Dex+4}
 25276 | Lair:6   | Identified the +2 leather armour "Kipraad" {rPois rC++ Dex+4} (You found it on level 6 of the Lair of Beasts)
 25284 | Lair:6   | Learned a level 5 spell: Silence
 25795 | D:12     | Noticed lepoulpe303's ghost (journeyman GrFi)
 25839 | D:12     | Killed lepoulpe303's ghost
 25839 | D:12     | Reached skill level 12 in Summonings
 26831 | D:13     | Gained mutation: You can fly continuously. [Tengu growth]
 26831 | D:13     | Reached XP level 14. HP: 74/87 MP: 22/30
 27588 | D:14     | Reached skill level 10 in Dodging
 27673 | D:14     | Found a bloodstained altar of Trog.
 27738 | D:14     | Found Ybuavvou's Assorted Antiques.
 27741 | D:14     | Bought a scroll labeled DIHUWI YFEILOGH for 39 gold pieces
 27741 | D:14     | Bought a scroll of identify for 78 gold pieces
 27795 | D:14     | Found a gate to the Vaults.
 27807 | D:14     | Reached skill level 10 in Fighting
 28483 | D:15     | Entered Level 15 of the Dungeon
 28685 | D:15     | Noticed a dire elephant
 28699 | D:15     | Killed a dire elephant
 29175 | D:15     | Found Wyojit's Armour Emporium.
 29182 | D:15     | Bought the +2 pair of gloves "Tiotof" {Int+3} for 389 gold pieces
 29230 | D:15     | Found a staircase to the Depths.
 29702 | Spider:1 | Entered Level 1 of the Spider Nest
 29876 | Spider:1 | Reached skill level 1 in Evocations
 30339 | Spider:1 | Noticed an entropy weaver
 30348 | Spider:1 | Killed an entropy weaver
 31749 | Spider:2 | Noticed an emperor scorpion
 31772 | Spider:2 | Reached skill level 13 in Summonings
 32185 | Spider:2 | Reached XP level 15. HP: 74/94 MP: 6/32
 32679 | Spider:2 | Killed an emperor scorpion
 32767 | Spider:2 | Reached skill level 10 in Armour
 34008 | Spider:3 | Noticed Jorgrun
 34024 | Spider:3 | HP: 3/95 [Jorgrun/Shatter (43)]
 34025 | Spider:3 | Killed from afar by Jorgrun

Vault maps used:
D:1:      dpeg_arrival_pond, kennysheep_flooded_box
D:3:      gammafunk_steamed_eel, uniq_natasha
D:4:      minmay_temple_entry_mist, uniq_eustachio
D:5:      wad_river_or_something, first_ration, serial_shops,
          nicolae_shop_crystal, kennysheep_pointless_box
D:6:      gammafunk_temple_overflow_forgotten, uniq_sigmund, uniq_menkaure
D:7:      lemuel_round_altar, serial_shops, nicolae_shop_window_shopping,
          uniq_duvessa
D:9:      wad_statue_garden, grunt_livestock
D:10:     hiddenorc2_lemuel, minmay_librarian
D:11:     dpeg_oklobed_lair, serial_curves, eino_curves_01, eino_curves_03,
          eino_curves_04
D:13:     dk_noncrumbling_3, roderic_lattice_a
D:14:     lightli_vaults_fourway_checkpoint, basic_altar, serial_park_tiny_pond,
          serial_shops, kennysheep_mini_moat
D:15:     hangedman_depths_entry_try_elsewhere_first, serial_park_avenue1,
          serial_shops, shop, minivault_16
Temple:   hc_temple_tempest_star
Lair:1:   minmay_guarded_unrand_snakebite
Lair:2:   serial_bayou_pond_c
Lair:3:   elwin_shoals_entry_rooms, spider_nest_entry_web_field
Lair:4:   portal_ice_cave_entry_ice_beasts, lab_entry_generic
Lair:5:   slime_altar_1, grunt_forest_stairs_clearing, grunt_megastairs_4
Lair:6:   cheibrodos_lair_end_hotspot, uniq_snorg, uniq_josephine, uniq_nessos
Spider:1: einodemon_crawler_minivault
Spider:2: spider_trap
Spider:3: uniq_jorgrun, uniq_asterion
Orc:1:    serial_shops, shop, shop_fountains, nicolae_shop_overgrown_old_shop,
          shop, nicolae_shop_statue_plus, uniq_harold
Orc:2:    st_orc_open, uniq_maurice, uniq_sonja
Lab:      labyrinth_spiral, nicolae_lab_grate, lab_statue,
          nicolae_lab_checkerboard, labyrinth_glass_1, nicolae_lab_plus,
          nicolae_lab_very_dead_end, lab_fountain, nicolae_lab_lava,
          nicolae_lab_dead_end, nicolae_lab_arrow, nicolae_lab_stuck

Skill      XL: |  1  2  3  4  5  6  7  8  9 10 11 12 13 14 15 |
---------------+----------------------------------------------+-----
Summonings     | 5 6 7 8 9 10 12 13 | 13.2
Fighting       | 1 2 3 4 5 6 7 8 9 11 | 11.6
Spellcasting   | 3 4 5 6 7 8 9 10 11 12 | 12.4
Air Magic      | 1 3 5 6 7 8 10 | 10.3
Dodging        | 3 4 5 6 7 8 9 11 | 11.2
Maces & Flails | 1 2 4 0 |  0.0
Armour         | 1 3 4 6 7 8 9 10 | 10.2
Hexes          | 2 |  2.6
Shields        | 3 |  3.7
Evocations     | 1 |  1.3
Stealth        | |  2.3
Translocations | |  0.3

Action                   |  1- 3 |  4- 6 |  7- 9 | 10-12 | 13-15 || total
-------------------------+-------+-------+-------+-------+-------++-------
Melee: Unarmed           |     6 |       |       |       |       ||     6
       Peck              |     2 |       |     2 |    36 |     1 ||    41
       Whip              |       |       |    27 |   172 |       ||   199
       Kick              |       |       |     8 |    38 |     2 ||    48
       Staff             |       |       |       |    21 |    10 ||    31
 Cast: Summon Small Mamm |    27 |    22 |     1 |       |       ||    50
       Call Imp          |    38 |    35 |    67 |   152 |   158 ||   450
       Blink             |       |     1 |       |     3 |     4 ||     8
       Summon Lightning  |       |     2 |    52 |   115 |   184 ||   353
       Call Canine Famil |       |       |    21 |    68 |    89 ||   178
       Summon Ice Beast  |       |       |     3 |    89 |   224 ||   316
       Confuse           |       |       |       |     2 |       ||     2
       Summon Guardian G |       |       |       |       |    20 ||    20
Invok: Curse Item        |       |     3 |       |       |     5 ||     8
       Scrying           |       |       |       |     1 |     1 ||     2
       Transfer Knowledg |       |       |       |       |     1 ||     1
Evoke: Phantom mirror    |       |       |       |     1 |       ||     1
       Wand              |       |       |       |       |     2 ||     2
  Use: Scroll            |       |     6 |    11 |    13 |    14 ||    44
       Potion            |       |       |     1 |    15 |     6 ||    22
 Stab: Distracted        |       |       |     2 |     2 |     1 ||     5
       Invisible         |       |       |       |     3 |       ||     3
  Eat: Chunk             |     5 |     8 |    20 |    30 |    21 ||    84
       Ration            |       |       |     2 |     5 |     8 ||    15
Armor: Robe              |    23 |     1 |       |       |       ||    24
       Leather armour    |       |     3 |    14 |   103 |   123 ||   243
       Troll leather arm |       |       |       |       |    44 ||    44
Dodge: Dodged            |    75 |    27 |    36 |   294 |   434 ||   866
Block: Buckler           |       |       |       |    43 |   232 ||   275

Table legend:
 A = Spawn XP
 B = Non-spawn XP
 C = Spawn XP percentage of total XP
 D = Spawn monster count
 E = Non-spawn monster count
 F = Spawn count percentage of total count
 G = Total turns spent on level
                    A         B        C        D         E        F      G
               +---------+---------+-------+---------+---------+-------+---------
         Total |       0 |   95627 |   0.0 |       0 |     856 |   0.0 | 34025
               +---------+---------+-------+---------+---------+-------+---------
           D:1 |       0 |      32 |   0.0 |       0 |      29 |   0.0 |   736
           D:2 |       0 |      39 |   0.0 |       0 |      23 |   0.0 |   858
           D:3 |       0 |      85 |   0.0 |       0 |      24 |   0.0 |  1133
           D:4 |       0 |     801 |   0.0 |       0 |      17 |   0.0 |  1073
           D:5 |       0 |     428 |   0.0 |       0 |      25 |   0.0 |  1132
           D:6 |       0 |     895 |   0.0 |       0 |      27 |   0.0 |  1578
           D:7 |       0 |     527 |   0.0 |       0 |      16 |   0.0 |   642
           D:8 |       0 |    1344 |   0.0 |       0 |      27 |   0.0 |  1128
           D:9 |       0 |    3795 |   0.0 |       0 |      41 |   0.0 |  1743
          D:10 |       0 |    1055 |   0.0 |       0 |      52 |   0.0 |  1088
          D:11 |       0 |    1846 |   0.0 |       0 |      13 |   0.0 |  1604
          D:12 |       0 |    2831 |   0.0 |       0 |      32 |   0.0 |  1111
          D:13 |       0 |    2151 |   0.0 |       0 |      26 |   0.0 |   880
          D:14 |       0 |    6114 |   0.0 |       0 |      30 |   0.0 |   918
          D:15 |       0 |    7848 |   0.0 |       0 |      47 |   0.0 |  1082
        Lair:1 |       0 |    1493 |   0.0 |       0 |      14 |   0.0 |  1042
        Lair:2 |       0 |    1432 |   0.0 |       0 |       8 |   0.0 |  1536
        Lair:3 |       0 |    3312 |   0.0 |       0 |      29 |   0.0 |  1627
        Lair:4 |       0 |    5516 |   0.0 |       0 |      56 |   0.0 |  1948
        Lair:5 |       0 |    2490 |   0.0 |       0 |      19 |   0.0 |  1001
        Lair:6 |       0 |   13246 |   0.0 |       0 |      82 |   0.0 |  2923
      Spider:1 |       0 |   11615 |   0.0 |       0 |      68 |   0.0 |  2002
      Spider:2 |       0 |   10300 |   0.0 |       0 |      58 |   0.0 |  1741
      Spider:3 |       0 |    3475 |   0.0 |       0 |      19 |   0.0 |   545
         Orc:1 |       0 |    2432 |   0.0 |       0 |      24 |   0.0 |  1066
         Orc:2 |       0 |    9008 |   0.0 |       0 |      47 |   0.0 |  1051
           Lab |       0 |    1517 |   0.0 |       0 |       3 |   0.0 |   479
               +---------+---------+-------+---------+---------+-------+---------
